 Dungeon Crawl Stone Soup version 0.23.2 (webtiles) character file.

Game seed: 4299528012184207203

177 Borgoz the Skirmisher (level 5, 0/32 HPs)
             Began as a Gargoyle Gladiator on Apr 10, 2019.
             Killed from afar by an orc wizard (4 damage)
             ... with a magic dart
             ... on level 2 of the Dungeon.
             The game lasted 00:04:40 (1420 turns).

Borgoz the Skirmisher (Gargoyle Gladiator)          Turns: 1420, Time: 00:04:41

Health: 0/32       AC:  8    Str: 18    XL:     5   Next: 57%
Magic:  5/5        EV: 13    Int:  8    God:
Gold:   162        SH:  0    Dex: 12    Spells: 4/4 levels left

rFire    + . .     SeeInvis +   b - +0 short sword (venom)
rCold    . . .     Gourm    .   (no shield)
rNeg     + . .     Faith    .   e - +0 leather armour
rPois    ∞         Spirit   .   c - +0 helmet
rElec    +         Reflect  .   (no cloak)
rCorr    .         Harm     .   (no gloves)
MR       .....                  (no boots)
Stlth    +.........             (no amulet)
HPRegen  0.10/turn              h - ring of protection from fire
MPRegen  0.09/turn              n - ring of see invisible

@: hasted, very quick
A: negative energy resistance 1, electricity resistance, unbreathing,
petrification resistance, rot immunity, AC +4
a: no special abilities


You were on level 2 of the Dungeon.
You were not hungry.

You visited 1 branch of the dungeon, and saw 2 of its levels.

You collected 162 gold pieces.

Inventory:

Hand Weapons
 a - a +0 rapier
 b - a +0 short sword of venom (weapon)
Missiles
 d - 3 throwing nets (quivered)
Armour
 c - a +0 helmet (worn)
 e - a +0 leather armour (worn)
Jewellery
 h - a ring of protection from fire (left hand)
 n - a ring of see invisible (right hand)
Scrolls
 j - 2 scrolls of identify {unknown}
 k - 2 scrolls of remove curse {unknown}
 l - a scroll of random uselessness {unknown}
 q - a scroll of teleportation {unknown}
Potions
 i - a potion of haste
 m - a potion of flight {unknown}
 o - a potion of curing {unknown}
 p - a potion of might {unknown}
 r - a potion of lignification {unknown}
Comestibles
 f - 3 rations
 g - 5 chunks of flesh


   Skills:
 + Level 3.6 Fighting
 + Level 3.6 Short Blades
 - Level 1.7 Throwing
 + Level 2.5 Armour
 + Level 3.2 Dodging


You had 4 spell levels left.
You didn't know any spells.
Your spell library was empty.

Dungeon Overview and Level Annotations

Branches:
Dungeon (2/15)

Altars:
Ashenzari


Innate Abilities, Weirdness & Mutations

You are resistant to torment.
Your stone body is resilient. (AC +4)
You are immune to poison.
You resist negative energy. (rN+)
You are resistant to electric shocks. (rElec)
You can survive without breathing.
You are immune to petrification.
You are immune to rotting.


Message History

You are too injured to fight recklessly!
It was a potion of haste.
You feel yourself speed up. The orc wizard misses you.
The orc wizard hits you with a +0 dagger.
The orc wizard looks braver for a moment.
The orc wizard gestures at you while chanting.
The magic dart hits you.
* * * LOW HITPOINT WARNING * * *
The orc wizard points at you and mumbles some strange words.
The puff of flame hits you. You resist.
* * * LOW HITPOINT WARNING * * *
Some of the chunks of flesh in your inventory have rotted away.
Okay, then.
Okay, then.
The orc wizard casts a spell at you. The puff of flame hits you. You resist.
* * * LOW HITPOINT WARNING * * *
The orc wizard gestures at you while chanting.
The magic dart hits you.
You die...

.##.........#.#####.#....#.......
........(.....................÷..
.##.........#.#####.#....#.......
............#..# #.#....#.......
###.........##.## #.##.####.#####
#.........##..# #.##.# #.#
#.........###.###.##.# #.#
#.........# #..##.##.# #.#
###.........####@##.##.# ##.####
..############....#.##.# #.....#
..# #..........#)##.# #.....# ..#
#............##.# #.....# ..#
#........##.###.# #.....# ..#
#.........)..##.# #.....# ..#
#.......o##..##.# #.....# ..#
#..........#.##.# #.....# ..#
#######.##.#..#.# #.....#


You could see an orc wizard (invisible).

Vanquished Creatures
  An orc wizard (D:2)
  4 gnolls (D:2)
  6 adders (D:2)
  A worm (D:2)
  A dart slug (D:1)
  2 leopard geckos (D:1)
  A giant cockroach (D:2)
  9 hobgoblins
  3 jackals (D:2)
  4 kobolds
  5 bats
  5 frilled lizards
  8 goblins
  3 rats
53 creatures vanquished.

Notes
Turn   | Place    | Note
-------+----------+-------------------------------------------
     0 | D:1      | Borgoz the Gargoyle Gladiator began the quest for the Orb.
     0 | D:1      | Reached XP level 1. HP: 12/12 MP: 1/1
    56 | D:1      | Reached XP level 2. HP: 18/18 MP: 2/2
   247 | D:1      | Reached skill level 1 in Armour
   436 | D:1      | Reached XP level 3. HP: 19/22 MP: 3/3
   838 | D:2      | Reached XP level 4. HP: 26/28 MP: 4/4
  1274 | D:2      | Found a shattered altar of Ashenzari.
  1335 | D:2      | Reached XP level 5. HP: 32/32 MP: 5/5
  1420 | D:2      | Killed from afar by an orc wizard

Skill      XL: |  1  2  3  4 |
---------------+-------------+-----
Armour         | 1 2 |  2.5
Short Blades   | 3 |  3.6
Fighting       | 3 |  3.6
Dodging        | 3 |  3.2
Throwing       | |  1.7

Action                   |  1- 3 |  4- 6 || total
-------------------------+-------+-------++-------
Melee: Rapier            |   102 |    37 ||   139
       Short sword       |       |    73 ||    73
  Use: Potion            |       |     1 ||     1
  Eat: Chunk             |       |     2 ||     2
Armor: Leather armour    |    37 |    42 ||    79
Dodge: Dodged            |    89 |    68 ||   157
